 Dungeon Crawl Stone Soup version 0.29.1-13-g9f3cf754e1 (webtiles) character file.

Game seed: 8020689318564533396

27976 Sanktem7 the Warrior (level 13, -13/134 HPs)
             Began as a Minotaur Fighter on Jan 23, 2023.
             Was a High Priest of Trog.
             Engulfed by a cloud of steam (14 damage)
             ... in a volcano.
             The game lasted 00:29:43 (11554 turns).

Sanktem7 the Warrior (Minotaur Fighter)            Turns: 11554, Time: 00:29:43

Health: -13/134    AC: 17    Str: 32    XL:     13   Next: 7%
Magic:  21/21      EV:  8    Int:  3    God:    Trog [*****.]
Gold:   804        SH:  5    Dex: 10    Spells: 12/12 levels left

rFire   . . .      SeeInvis .   b - +7 hand axe "Keif" {vorpal, rCorr MP+9, axe}
rCold   + + .      Faith    .   c - +0 buckler
rNeg    . . .      Spirit   .   x - +0 chain mail
rPois   +          Reflect  .   (helmet restricted)
rElec   .          Harm     .   H - +0 cloak
rCorr   +          Rampage  .   L - +2 pair of gloves
Will    .....                   n - +2 pair of boots
Stlth   ..........              u - amulet of regeneration {@e2}
HPRegen 1.12/turn               V - +6 ring of strength
MPRegen 0.17/turn               y - ring of poison resistance

@: studying Air Magic, invisible
A: horns 2, retaliatory headbutt, hooves 1, cold resistance 2, dopey 1, poison
resistance
a: Renounce Religion, Berserk, Trog's Hand, Brothers in Arms


You were in a volcano.
You worshipped Trog.
Trog was extremely pleased with you.
You visited 3 branches of the dungeon, and saw 15 of its levels.
You also visited: Volcano.

You collected 804 gold pieces.


Innate Abilities, Weirdness & Mutations

You have a pair of horns on your head.
You reflexively headbutt those who attack you in melee.
You have large cloven feet.
Your flesh is very cold resistant. (rC++)
You are dopey. (Int -2)
Your system is resistant to poisons. (rPois)


   Skills:
 * Level 17.6 Fighting
 - Level 15.4(16.2) Axes
 * Level 8.6(13.0) Maces & Flails
 + Level 4.9 Throwing
 - Level 6.0 Armour
 + Level 6.7 Shields


You had 12 spell levels left.
You didn't know any spells.
Your spell library contained the following spells:

 Spells                   Type           Power      Damage    Failure   Level
 Apportation              Tloc           0%         N/A       97%         1
 Magic Dart               Conj           0%         1d3       97%         1
 Necrotise                Necr           0%         1d4       97%         1
 Summon Small Mammal      Summ           0%         N/A       97%         1
 Blink                    Tloc           0%         N/A       99%         2
 Call Imp                 Summ           0%         N/A       99%         2
 Ensorcelled Hibernation  Hex/Ice        0%         N/A       99%         2
 Searing Ray              Conj           0%         2d4       99%         2
 Static Discharge         Conj/Air       0%         3-3/arc   99%         2
 Conjure Flame            Conj/Fire      0%         6-21      100%        3
 Gell's Gravitas          Tloc           0%         N/A       100%        3
 Ignite Poison            Fire/Tmut/Pois 0%         N/A       100%        3
 Lesser Beckoning         Tloc           0%         N/A       100%        3
 Mephitic Cloud           Conj/Pois/Air  0%         N/A       100%        3
 Ozocubu's Armour         Ice            0%         N/A       100%        3
 Portal Projectile        Hex/Tloc       0%         N/A       100%        3
 Teleport Other           Tloc           0%         N/A       100%        3
 Tukima's Dance           Hex            0%         N/A       100%        3
 Vampiric Draining        Necr           0%         2d6       100%        3
 Fulminant Prism          Conj/Hex       0%         3d6       100%        4
 Ice Form                 Ice/Tmut       0%         N/A       100%        4
 Passage of Golubria      Tloc           0%         N/A       100%        4
 Sticky Flame             Conj/Fire      0%         2d3       100%        4
 Summon Lightning Spire   Summ/Air       0%         N/A       100%        4
 Agony                    Necr           0%         N/A       100%        5
 Blade Hands              Tmut           0%         N/A       100%        5
 Lightning Bolt           Conj/Air       0%         1d11      100%        5
 Manifold Assault         Tloc           0%         N/A       100%        5
 Metabolic Englaciation   Hex/Ice        0%         N/A       100%        5
 Silence                  Hex/Air        0%         N/A       100%        5
 Simulacrum               Ice/Necr       0%         N/A       100%        6
 Storm Form               Tmut/Air       0%         N/A       100%        7
 Lehudib's Crystal Spear  Conj/Erth      0%         10d2      100%        8
 Maxwell's Capacitive Co  Air            0%         ∞         100%        8
 Polar Vortex             Ice            0%         N/A       100%        9

Inventory:

Hand Weapons
 b - the +7 hand axe "Keif" (weapon) {vorpal, rCorr MP+9, axe}
   (You found it on level 12 of the Dungeon)

   It inflicts extra damage upon your enemies.
   MP:        It affects your magic capacity (+9).
   rCorr:     It protects you from acid and corrosion.
 T - the +4 flail of Distraction {venom, rElec rCorr Stlth+, mace}
   (You found it on level 11 of the Dungeon)

   It poisons the flesh of those it strikes.
   rElec:     It insulates you from electricity.
   rCorr:     It protects you from acid and corrosion.
   Stlth:     It makes you more stealthy.
Missiles
 g - 2 curare-tipped darts {=fthrowing}
 i - 23 stones {throwing}
 j - 7 silver javelins {throwing}
 p - 14 poisoned darts (quivered) {throwing}
 I - 5 boomerangs {throwing}
Armour
 c - a +0 buckler (worn)
 n - a +2 pair of boots (worn)
   (You found it on level 2 of the Dungeon)
 x - a +0 chain mail (worn)
   (You found it on level 3 of the Dungeon)
 H - a +0 cloak (worn)
   (You found it on level 7 of the Dungeon)
 L - a +2 pair of gloves (worn)
   (You found it on level 10 of the Dungeon)
Jewellery
 u - an amulet of regeneration (around neck) {@e2}
   (You found it on level 3 of the Dungeon)
 y - a ring of poison resistance (right hand)
   (You found it on level 13 of the Dungeon)
 V - a +6 ring of strength (left hand)
   (You found it on level 11 of the Dungeon)
Wands
 D - a wand of roots (22)
   (You took it off Pikel on level 7 of the Dungeon)
 F - a wand of mindburst (18)
   (You found it on level 7 of the Dungeon)
 J - a wand of light (13)
   (You found it on level 9 of the Dungeon)
 N - a wand of flame (5)
   (You found it on level 10 of the Dungeon)
 P - a wand of paralysis (15)
   (You found it on level 11 of the Dungeon)
Scrolls
 e - 4 scrolls of butterflies
 h - a scroll of vulnerability {!r!r}
 k - 4 scrolls of magic mapping {!r}
 q - 6 scrolls of noise {!r}
 t - 10 scrolls of teleportation {@r4}
 E - a scroll of enchant weapon
 K - 2 scrolls of immolation {!r!r}
Potions
 a - a potion of resistance
 d - 4 potions of might
 f - 7 potions of curing {@q1}
 l - 5 potions of heal wounds {@q2}
 m - a potion of haste {unknown}
 o - 5 potions of ambrosia
 r - 3 potions of lignification {!q}
 s - a potion of degeneration {unknown}
 v - 2 potions of flight
 w - 3 potions of brilliance
 z - a potion of magic {unknown}
 B - 3 potions of attraction {!q}
 C - a potion of cancellation {unknown}
 U - 2 potions of berserk rage {!q}
Miscellaneous
 M - a phial of floods
   (You found it on level 10 of the Dungeon)
 R - a piece from Xom's chessboard (15/15)
   (You found it on level 11 of the Dungeon)

Dungeon Overview and Level Annotations

Branches:
Dungeon (13/15) Zot: 25812  Temple (1/1) D:5 Zot: 5974    Lair (1/5) D:10 Zot: 5546
    Orc (0/2) D:9         Volcano (1/1) Zot: 5954
 Vaults: D:13-14

Altars:
Ashenzari
Dithmenos
Makhleb
Okawaru
Trog

Shops:
D:6 *   D:8 *   D:9 (

Portals:
Trove: D:10 (show slimy rune of Zot)

Annotations:
D:1 2 transporters
D:3 2 transporters

.§.... .§....§.#
#§§....# .≈§§§# .....
##§§.## ..... #.....##
§ ....## ##......##.§.
#.#.####....D.......
##..........@3.....3
###..........≈#.D...§.
##..........#####...§#§
##...........# #..#..
#.....##.#..## ### §
.....######## .....#
..[.## ....#


You could see a sun demon (unable to see you), a smoke demon (unable to see you)
and 2 steam dragons.


Message History

A smoke demon comes into view.
The smoke demon roars!
A steam dragon comes into view.
The steam dragon breathes steam at you. The ball of steam hits you!
You hear a shout! x2; You hear an angry hiss.
You hear a shout!
You slash the smoke demon!
You are engulfed in a cloud of scalding steam.
The steam dragon breathes steam at you.
The ball of steam hits the smoke demon!
The smoke demon resists.
The ball of steam hits you! The smoke demon gestures at you.
Something smites you!
You hear a roar!
You hear an angry hiss.
You hit the smoke demon.
You are engulfed in a cloud of scalding steam.
The smoke demon gestures at you. The ball of steam hits you!
A sun demon comes into view.
You are too injured to fight recklessly!
You are too injured to fight recklessly!
You are too injured to fight recklessly!
You are too injured to fight recklessly! 😮 HP[-45]
You take 45 damage, and now have 88/133 hp.
MASSIVE DAMAGE!! (PAUSE)
You slash the smoke demon!
You are engulfed in a cloud of scalding steam. 😮 HP[+1]
You slash the smoke demon!
You kill the smoke demon!
Trog accepts your kill.
A steam dragon comes into view. 😮 HP[+1]
You slash the steam dragon!
You hit the smoke demon but do no damage.
The steam dragon bites you! You block the steam dragon's attack.
The smoke demon completely misses you.
The smoke demon hits you but does no damage.
The smoke demon barely misses you. 😮 HP[-8]
You take 8 damage, and now have 82/133 hp.
You slash the steam dragon!
You kill the steam dragon!
Trog accepts your kill.
The steam dragon scales are intact enough to wear.
You slash the smoke demon! The smoke demon gestures at you.
The ball of steam hits you!
Things that are here:
+0 steam dragon scales; a steam dragon corpse 😮 HP[-13]
You take 13 damage, and now have 69/133 hp.
You closely miss the smoke demon. You headbutt the smoke demon!
You are engulfed in a cloud of scalding steam.
The steam dragon breathes steam at you. The ball of steam hits you!
* * * LOW HITPOINT WARNING * * *
The smoke demon closely misses you.
The smoke demon hits you but does no damage.
You block the smoke demon's attack. 😨 HP[-10]
You take 10 damage, and now have 59/133 hp.
You slice the smoke demon!!
You kill the smoke demon!
Trog accepts your kill.
You are engulfed in a cloud of scalding steam. 😨 HP[+1]
You now have 134 max hp (+1).
You slice the sun demon!!
You are engulfed in a cloud of scalding steam. 😨 HP[+1]
You barely miss the sun demon. Your headbutt misses the sun demon.
You are engulfed in a cloud of scalding steam.
The sun demon hits you!
* * * LOW HITPOINT WARNING * * *
You are engulfed in flames!
* * * LOW HITPOINT WARNING * * *
😨 HP[-24]
You take 24 damage, and now have 37/134 hp.
You closely miss the sun demon.
You headbutt the sun demon, but do no damage.
You are engulfed in a cloud of scalding steam.
The sun demon hits you!
* * * LOW HITPOINT WARNING * * *
You are engulfed in flames!
* * * LOW HITPOINT WARNING * * *
😱 HP[-26]
You take 26 damage, and now have 11/134 hp.
You feel much better.
You are engulfed in a cloud of scalding steam.
A smoke demon comes into view.
The sun demon hits you!!
* * * LOW HITPOINT WARNING * * *
You are engulfed in flames!
* * * LOW HITPOINT WARNING * * *
😱 HP[-10]
You take 10 damage, and now have 1/134 hp.
You fade into invisibility!
You die...

Skill      XL: |  1  2  3  4  5  6  7  8  9 10 11 12 |
---------------+-------------------------------------+-----
Fighting       | 4 5 6 8 10 12 14 16 17 | 17.6
Axes           | 3 5 6 7 9 11 14 15 | 15.4
Armour         | 4 5 6 |  6.0
Maces & Flails | 4 8 |  8.6
Throwing       | 2 4 |  4.9
Shields        | 4 6 |  6.7

Action                   |  1- 3 |  4- 6 |  7- 9 | 10-12 | 13-15 || total
-------------------------+-------+-------+-------+-------+-------++-------
Melee: War axe           |    99 |    70 |    39 |       |       ||   208
       Headbutt          |    12 |     9 |    41 |   108 |     3 ||   173
       Hand axe          |       |       |   207 |   464 |    17 ||   688
       Flail             |       |       |       |    34 |       ||    34
  Use: Scroll            |       |       |     6 |    19 |       ||    25
       Potion            |       |       |       |     3 |     2 ||     5
Armor: Scale mail        |    50 |     2 |       |       |       ||    52
       Chain mail        |       |    50 |   113 |   218 |    13 ||   394
Dodge: Dodged            |    52 |    42 |    67 |   150 |     4 ||   315
Block: Buckler           |    17 |    19 |    47 |   100 |     2 ||   185

Levels and vault maps discovered:
D:1:      spicycebolla_arrival_transporter_tutorial, layout_basic
D:2:      layout_basic, basic_altar
D:3:      gammafunk_wand_slinger, layout_basic, uniq_grinder
D:4:      minmay_bubble_buster, layout_rooms, minmay_misc_feat_doors
D:5:      layout_loops_corners, temple_doors_ab, amcnicky_mini_corridor_feature,
          uniq_edmund, uniq_ijyb
D:6:      layout_basic, serial_rivers, chequers_serial_rivers_small_3,
          chequers_serial_rivers_micro_b, chequers_serial_rivers_micro_c,
          chequers_serial_rivers_room_a, chequers_serial_rivers_micro_d,
          minmay_shop_mayhem, corexii_shack
D:7:      layout_loops_corners, uniq_menkaure, uniq_pikel
D:8:      layout_basic, serial_glass, glass_columns_a, glass_columns_c,
          minmay_misc_feat_five, minmay_shop_grid_forest,
          minmay_misc_feat_encased
D:9:      layout_loops_cross, minmay_orc_entry_guard_dogs, serial_shops,
          nicolae_diamond_shop
D:10:     layout_irregular_city, makhleb_altar_promises_db, erik_lair_dragon,
          nicolae_trove_entry_crossroad
D:11:     layout_layer_cave, minivault_10
D:12:     layout_basic
D:13:     minmay_shoctagon, layout_long_grid, nicolae_dithmenos_shadow_blocks
Temple:   mainiacjoe_temple_archimedes_tessellation
Lair:1:   layout_roguey, lightli_volcano_entry_magma_tube, minmay_holes,
          minivault_27, grunt_megastairs_5, infiniplex_staircase_pool
Volcano:  hellmonk_smoking_crater

Notes
Turn   | Place    | Note
-------+----------+-------------------------------------------
     0 | D:1      | Sanktem7 the Minotaur Fighter began the quest for the Orb.
     0 | D:1      | Reached XP level 1. HP: 19/19 MP: 0/0
     0 | D:1      | magus.rc [v1.9.6]
   188 | D:1      | Reached XP level 2. HP: 18/27 MP: 1/1
   189 | D:1      | Reached skill level 4 in Fighting
   322 | D:1      | Reached skill level 3 in Axes
   768 | D:1      | You pick up a book of Minor Magic and begin reading...
   768 | D:1      | You add the spells Magic Dart, Call Imp and Mephitic Cloud
                  | to your library.
   852 | D:1      | Reached XP level 3. HP: 28/33 MP: 2/2
  1099 | D:2      | Found a bloodstained altar of Trog.
  1105 | D:2      | Reached skill level 4 in Armour
  1109 | D:2      | Became a worshipper of Trog the Wrathful
  1896 | D:3      | Reached XP level 4. HP: 22/41 MP: 3/3
  2088 | D:3      | Reached * piety under Trog
  2150 | D:3      | Found a transporter.
  2163 | D:3      | Found a transporter.
  2354 | D:3      | You add the spells Conjure Flame, Ignite Poison and Sticky
                  | Flame to your library.
  2378 | D:3      | Noticed Grinder
  2381 | D:3      | Paralysed by Grinder for 5 turns
  2390 | D:3      | Paralysed by Grinder for 4 turns
  2396 | D:3      | Killed Grinder
  2397 | D:3      | Reached skill level 5 in Fighting
  2397 | D:3      | Reached skill level 5 in Axes
  2397 | D:3      | Reached XP level 5. HP: 50/50 MP: 4/4
  2564 | D:3      | Reached XP level 6. HP: 57/57 MP: 5/5
  2661 | D:4      | Noticed an ice beast
  2682 | D:4      | Killed an ice beast
  2683 | D:4      | Reached skill level 6 in Fighting
  2683 | D:4      | Reached skill level 5 in Armour
  2825 | D:4      | Reached skill level 6 in Axes
  2920 | D:4      | Reached XP level 7. HP: 64/64 MP: 6/6
  2968 | D:4      | Reached ** piety under Trog
  3000 | D:4      | Reached skill level 7 in Fighting
  3222 | D:5      | Entered Level 5 of the Dungeon
  3363 | D:5      | You add the spells Ensorcelled Hibernation, Ice Form and
                  | Polar Vortex to your library.
  3363 | D:5      | Got Koip's Grimoire of Glaciation {forbidden}
  3395 | D:5      | Found a staircase to the Ecumenical Temple.
  3400 | Temple   | Entered the Ecumenical Temple
  3503 | D:5      | You pick up a book of Necromancy {forbidden} and begin
                  | reading...
  3503 | D:5      | You add the spells Necrotise, Vampiric Draining and Agony
                  | to your library.
  3611 | D:5      | Reached skill level 7 in Axes
  3667 | D:5      | You fall into a shaft and drop 1 floor!
  3677 | D:6      | Reached skill level 6 in Armour
  3684 | D:6      | Reached skill level 8 in Fighting
  3684 | D:6      | Reached XP level 8. HP: 47/74 MP: 7/7
  3698 | D:6      | HP: 18/75 [hound (4)]
  3710 | D:6      | Reached skill level 8 in Axes
  3754 | D:6      | Reached skill level 9 in Fighting
  3773 | D:6      | Reached *** piety under Trog
  3796 | D:6      | Reached skill level 9 in Axes
  3845 | D:6      | You pick up a book of Cantrips {forbidden} and begin
                  | reading...
  3845 | D:6      | You add the spells Summon Small Mammal and Apportation to
                  | your library.
  3867 | D:6      | Found Ikut's Mayhem Merchandise.
  3986 | D:6      | You pick up a book of Displacement {forbidden} and begin
                  | reading...
  3986 | D:6      | You add the spells Lesser Beckoning, Gell's Gravitas and
                  | Teleport Other to your library.
  4072 | D:6      | Reached skill level 10 in Fighting
  4384 | D:7      | Reached XP level 9. HP: 85/85 MP: 8/8
  4520 | D:7      | Reached skill level 10 in Axes
  4682 | D:7      | Noticed Menkaure
  4689 | D:7      | Killed Menkaure
  4690 | D:7      | Reached skill level 11 in Fighting
  4820 | D:7      | Reached skill level 11 in Axes
  4898 | D:7      | Noticed Pikel
  4913 | D:7      | Killed Pikel
  4914 | D:7      | Reached skill level 12 in Fighting
  5240 | D:7      | You pick up a book of Conjurations {forbidden@e2} and begin
                  | reading...
  5240 | D:7      | You add the spells Searing Ray and Fulminant Prism to your
                  | library.
  5350 | D:7      | Reached XP level 10. HP: 94/97 MP: 9/9
  5424 | D:7      | Gained mutation: You do not regenerate when monsters are
                  | visible. [potion of mutation]
  5424 | D:7      | Gained mutation: Your spells are a little harder to cast,
                  | but a little more powerful. [potion of mutation]
  5425 | D:7      | Lost mutation: You do not regenerate when monsters are
                  | visible. [potion of mutation]
  5425 | D:7      | Lost mutation: Your spells are a little harder to cast, but
                  | a little more powerful. [potion of mutation]
  5425 | D:7      | Gained mutation: You are occasionally teleported next to
                  | monsters. [potion of mutation]
  5425 | D:7      | Gained mutation: You occasionally lose the ability to drink
                  | potions when taking damage. [potion of mutation]
  5425 | D:7      | Gained mutation: Your system is resistant to poisons.
                  | (rPois) [potion of mutation]
  5483 | D:8      | Reached **** piety under Trog
  5489 | D:8      | Reached skill level 12 in Axes
  5643 | D:8      | You pick up a book of Spatial Translocations {forbidden}
                  | and begin reading...
  5643 | D:8      | You add the spells Blink and Manifold Assault to your
                  | library.
  5724 | D:8      | You pick up a book of Weapons {forbidden} and begin
                  | reading...
  5724 | D:8      | You add the spells Tukima's Dance, Portal Projectile and
                  | Blade Hands to your library.
  5809 | D:8      | Found Syhail's Assorted Antiques.
  6128 | D:9      | Reached skill level 13 in Fighting
  6355 | D:9      | Reached skill level 13 in Axes
  6429 | D:9      | Found Rushroar's Antique Weapon Shop.
  6446 | D:9      | Found a staircase to the Orcish Mines.
  6450 | D:9      | Reached ***** piety under Trog
  6772 | D:10     | Entered Level 10 of the Dungeon
  6788 | D:10     | Found a portal to a secret trove of treasure.
  6911 | D:10     | Noticed a two-headed ogre
  6924 | D:10     | HP: 20/102 [two-headed ogre/+0 giant spiked club (22)]
  6925 | D:10     | Killed a two-headed ogre
  6926 | D:10     | Reached skill level 14 in Fighting
  7083 | D:10     | Noticed a two-headed ogre
  7089 | D:10     | Killed a two-headed ogre
  7090 | D:10     | Reached skill level 14 in Axes
  7090 | D:10     | Reached XP level 11. HP: 90/110 MP: 10/10
  7399 | D:10     | Found a staircase to the Lair.
  7589 | D:10     | You pick up a book of Lightning {forbidden} and begin
                  | reading...
  7589 | D:10     | You add the spells Static Discharge, Lightning Bolt and
                  | Maxwell's Capacitive Coupling to your library.
  7774 | D:10     | Found a burning altar of Makhleb.
  7774 | D:10     | Noticed a green death
  7850 | D:11     | Reached skill level 15 in Fighting
  8159 | D:11     | Reached skill level 15 in Axes
  8675 | D:11     | Noticed a two-headed ogre
  8686 | D:11     | Killed a two-headed ogre
  8775 | D:11     | Identified the +4 flail of Distraction {venom, rElec rCorr
                  | Stlth+}
  9119 | D:12     | Noticed a brown ugly thing
  9120 | D:12     | Identified the +7 hand axe "Keif" {vorpal, rCorr MP+9}
  9126 | D:12     | Killed a brown ugly thing
  9127 | D:12     | Reached skill level 1 in Maces & Flails
  9137 | D:12     | Reached skill level 2 in Maces & Flails
  9137 | D:12     | Reached skill level 1 in Throwing
  9238 | D:12     | Reached skill level 16 in Fighting
  9238 | D:12     | Reached skill level 3 in Maces & Flails
  9363 | D:12     | You pick up a book of Winter {forbidden} and begin
                  | reading...
  9363 | D:12     | You add the spells Ozocubu's Armour, Metabolic Englaciation
                  | and Simulacrum to your library.
  9502 | D:12     | HP: 28/114 [manticore (1)]
  9505 | D:12     | Reached skill level 2 in Throwing
  9681 | D:12     | Reached skill level 4 in Shields
  9715 | D:12     | Reached skill level 4 in Maces & Flails
  9715 | D:12     | Reached XP level 12. HP: 117/122 MP: 11/11
  9885 | D:13     | Received a gift from Trog
  9933 | D:13     | Found a shadowy altar of Dithmenos.
 10020 | D:13     | Reached skill level 5 in Maces & Flails
 10115 | D:13     | Noticed a centaur warrior
 10124 | D:13     | Killed a centaur warrior
 10200 | D:13     | Reached skill level 3 in Throwing
 10273 | D:13     | You pick up a book of the Moon {forbidden} and begin
                  | reading...
 10273 | D:13     | You add the spells Passage of Golubria, Silence and
                  | Lehudib's Crystal Spear to your library.
 10282 | D:13     | Noticed a centaur warrior
 10287 | D:13     | Reached skill level 5 in Shields
 10293 | D:13     | Killed a centaur warrior
 10294 | D:13     | Reached skill level 6 in Maces & Flails
 10325 | D:13     | a deep elf zephyrmancer comes into view. It is wielding the
                  | +5 glaive of the Guard {elec, spectral, AC+5}.
 10416 | D:13     | You pick up a book of the Sky {forbidden} and begin
                  | reading...
 10416 | D:13     | You add the spells Summon Lightning Spire and Storm Form to
                  | your library.
 10478 | D:13     | Reached skill level 17 in Fighting
 10544 | D:13     | Reached skill level 7 in Maces & Flails
 10544 | D:13     | Reached skill level 4 in Throwing
 10562 | D:13     | HP: 31/125 [slime creature (5)]
 10567 | D:13     | Reached skill level 6 in Shields
 10883 | D:13     | Lost mutation: You are occasionally teleported next to
                  | monsters. [potion of mutation]
 10883 | D:13     | Lost mutation: You occasionally lose the ability to drink
                  | potions when taking damage. [potion of mutation]
 10883 | D:13     | Gained mutation: Your flesh is cold resistant. (rC+)
                  | [potion of mutation]
 10883 | D:13     | Gained mutation: You have large cloven feet. [potion of
                  | mutation]
 10883 | D:13     | Gained mutation: You are dopey. (Int -2) [potion of
                  | mutation]
 10883 | D:13     | Gained mutation: Your flesh is very cold resistant. (rC++)
                  | [potion of mutation]
 11029 | Lair:1   | Entered Level 1 of the Lair of Beasts
 11256 | Lair:1   | Reached skill level 8 in Maces & Flails
 11415 | Lair:1   | Reached XP level 13. HP: 57/133 MP: 12/12
 11493 | Lair:1   | Found a dark tunnel.
 11503 | Volcano  | Entered a volcano
 11552 | Volcano  | HP: 25/134 [sun demon (12)]
 11552 | Volcano  | HP: 11/134 [sun demon (14)]
 11553 | Volcano  | HP: 1/134 [sun demon (15)]
 11554 | Volcano  | Engulfed by a cloud of steam

Vanquished Creatures
  2 centaur warriors (D:13)
  3 two-headed ogres
  2 sixfirhies (D:13)
  Pikel (D:7)
  A deep elf zephyrmancer (D:13)
  An ugly thing (D:12)
  3 manticores
  3 cyclopes
  2 smoke demons (Volcano)
  A gargoyle (D:12)
  3 cane toads (Lair:1)
  An unseen horror (D:11)
  2 komodo dragons (Lair:1)
  2 rime drakes (Lair:1)
  4 trolls
  3 meliai (D:13)
  12 slime creatures (D:13)
  Grinder (D:3)
  3 raiju (D:13)
  4 wraiths
  6 wyverns
  3 shadows
  A vampire (D:12)
  29 yaks
  3 basilisks
  4 vampire mosquitoes (D:12)
  Menkaure (D:7)
  3 steam dragons
  4 wargs (D:9)
  2 water moccasins (Lair:1)
  4 orc warriors
  3 ice beasts
  A sky beast (D:7)
  2 black bears
  6 centaurs
  An ogre (D:7)
  A lemure (D:7)
  3 phantoms
  2 kobold brigands
  2 scorpions
  6 bullfrogs
  A necrophage (D:6)
  8 wights
  24 killer bees
  4 howler monkeys
  10 orc priests
  2 hounds
  2 iguanas
  15 orc wizards
  6 adders
  A shadow imp (D:6)
  A white imp (D:7)
  An ufetubus (D:4)
  5 dart slugs
  49 orcs
  2 ball pythons
  8 endoplasms
  7 giant cockroaches
  14 hobgoblins
  21 kobolds
  4 quokkas
  4 bats
  2 frilled lizards
  7 goblins
  3 rats
342 creatures vanquished.

Vanquished Creatures (others)
  3 fungi (Lair:1)
  2 plants (Lair:1)
5 creatures vanquished.

Grand Total: 347 creatures vanquished

Table legend:
 A = Non-vault XP
 B = Vault XP
 C = Vault XP percentage of total XP
 D = Non-vault monster count
 E = Vault monster count
 F = Vault count percentage of total count
                 A         B        C        D         E       F
            +---------+---------+-------+---------+---------+-------
      Total |   32180 |    7786 |  19.5 |     299 |      42 |  12.3
            +---------+---------+-------+---------+---------+-------
        D:1 |      42 |       0 |   0.0 |      23 |       0 |   0.0
        D:2 |      41 |       0 |   0.0 |      16 |       0 |   0.0
        D:3 |      39 |     258 |  86.9 |      14 |       1 |   6.7
        D:4 |     368 |     225 |  37.9 |      23 |      16 |  41.0
        D:5 |     302 |       0 |   0.0 |       6 |       0 |   0.0
        D:6 |    1489 |       2 |   0.1 |      35 |       1 |   2.8
        D:7 |    1967 |     813 |  29.2 |      22 |       2 |   8.3
        D:8 |    1550 |       0 |   0.0 |      29 |       0 |   0.0
        D:9 |    1689 |     671 |  28.4 |      29 |       4 |  12.1
       D:10 |    3485 |    1189 |  25.4 |      19 |       6 |  24.0
       D:11 |    3857 |       0 |   0.0 |      22 |       0 |   0.0
       D:12 |    4186 |       0 |   0.0 |      13 |       0 |   0.0
       D:13 |    7841 |    2884 |  26.9 |      26 |       6 |  18.8
     Lair:1 |    5324 |     568 |   9.6 |      22 |       2 |   8.3
    Volcano |       0 |    1176 | 100.0 |       0 |       4 | 100.0
            +---------+---------+-------+---------+---------+-------

Illustrated notes

Table legend:
 A = Kills in this place as a percentage of kills in entire the game.
 B = Kills by you in this place as a percentage of kills by you in the entire game.
 C = Kills by friends in this place as a percentage of kills by friends in the entire game.
 D = Other kills in this place as a percentage of other kills in the entire game.
 E = Experience gained in this place as a percentage of experience gained in the entire game.
 F = Experience gained in this place divided by the number of levels of this place that you have seen.
                   A       B       C       D       E      F
               +-------+-------+-------+-------+-------+----------------------
         Total | 100.0 | 100.0 |   N/A |   N/A | 100.0 | 2497.9
       Dungeon |  91.8 |  91.8 |   N/A |   N/A |  82.3 | 2530.6
          Lair |   7.0 |   7.0 |   N/A |   N/A |  14.7 | 5892.0
       Volcano |   1.2 |   1.2 |   N/A |   N/A |   2.9 | 1176.0
               +-------+-------+-------+-------+-------+----------------------

Table legend: (Time is in decaauts)
 A = Elapsed time spent in this place.
 B = Non-inter-level travel time spent in this place.
 C = Inter-level travel time spent in this place.
 D = Time resting spent in this place.
 E = Time spent auto-exploring this place.
 F = Levels seen in this place.
 G = Mean time per level.
                   A        B        C        D        E       F      G
               +--------+--------+--------+--------+--------+-----+--------+
         Total |  11455 |  10826 |    629 |      0 |   8835 |  16 |  715.9 |
       Dungeon |  10931 |  10302 |    629 |      0 |   8633 |  13 |  840.8 |
        Temple |     25 |     25 |      0 |      0 |     10 |   1 |   25.0 |
          Lair |    453 |    453 |      0 |      0 |    167 |   1 |  453.0 |
       Volcano |     45 |     45 |      0 |      0 |     25 |   1 |   45.0 |
               +--------+--------+--------+--------+--------+-----+--------+

Top non-repeatable levels by time:
    D:11: 1176 daAuts
     D:1: 1107 daAuts
    D:10: 1103 daAuts
     D:7: 1081 daAuts
    D:13: 1055 daAuts
     D:3: 888 daAuts
    D:12: 846 daAuts
     D:9: 712 daAuts
     D:2: 709 daAuts
     D:6: 705 daAuts
     D:4: 581 daAuts
     D:8: 542 daAuts
  Lair:1: 453 daAuts
     D:5: 419 daAuts
 Volcano: 45 daAuts
